 Dungeon Crawl Stone Soup version 0.20.0-15-g7f486f2 (webtiles) character file.

3737 McKennaii the Carver (level 9, 0/79 HPs)
             Began as a Minotaur Fighter on June 11, 2017.
             Was a Believer of Elyvilon.
             Slain by a wolf (7 damage)
             ... on level 8 of the Dungeon.
             The game lasted 00:16:48 (6773 turns).

McKennaii the Carver (Minotaur Fighter)             Turns: 6773, Time: 00:16:49

Health: 0/79       AC: 11    Str: 20 (22) XL:     9   Next: 93%
Magic:  17/17      EV: 10    Int:  8 (10) God:    Elyvilon [**....]
Gold:   313        SH: 11    Dex: 11 (12) Spells: 8/8 levels left

rFire    + . .     SeeInvis .   a - +0 long sword
rCold    + . .     Gourm    .   c - +0 shield
rNeg     . . .     Faith    .   b - +0 scale mail
rPois    +         Spirit   .   (helmet restricted)
rElec    +         Reflect  .   k - +0 cloak
rCorr    +         Harm     .   B - +0 pair of gloves
MR       .....                  (no boots)
Stlth    ..........             t - amulet of magic regeneration
Regen    0.3/turn               x - ring of magical power
MPRegen  0.3/turn               (no ring)

@: brilliant, resistant, hasted, very quick
A: retaliatory headbutt, horns 2
a: Lesser Healing, Heal Other, Divine Protection, Renounce Religion


You were on level 8 of the Dungeon.
You worshipped Elyvilon.
Elyvilon was pleased with you.
You were not hungry.

You visited 1 branch of the dungeon, and saw 8 of its levels.

You collected 313 gold pieces.

Inventory:

Hand Weapons
 a - a +0 long sword (weapon)
Armour
 b - a +0 scale mail (worn)
 c - a +0 shield (worn)
 k - a +0 cloak (worn)
 B - a +0 pair of gloves (worn)
 E - a cursed +0 chain mail
Jewellery
 t - an amulet of magic regeneration (around neck)
 x - a ring of magical power (left hand)
Wands
 r - a wand of polymorph (9/24)
 y - a wand of confusion (19/48)
Scrolls
 d - a scroll of noise {unknown}
 g - a scroll of recharging {unknown}
 i - 4 scrolls of teleportation
 j - a scroll of magic mapping {unknown}
 l - a scroll of random uselessness {unknown}
 m - 2 scrolls of immolation {unknown}
 n - 6 scrolls of identify
 o - a scroll of fear {unknown}
 p - 5 scrolls of remove curse {unknown}
 A - a scroll of vulnerability {unknown}
 D - a scroll of blinking {unknown}
Potions
 q - 4 potions of curing
 u - a potion of degeneration
Comestibles
 f - 8 bread rations
 s - 5 royal jellies
 v - 3 fruits
 w - 3 meat rations
 C - 5 chunks of flesh


   Skills:
 + Level 7.3 Fighting
 + Level 11.0 Long Blades
 + Level 8.3 Armour
 + Level 3.6 Dodging
 + Level 1.3 Stealth
 + Level 8.1 Shields
 + Level 0.4 Invocations
 + Level 0.3 Evocations


You had 8 spell levels left.
You didn't know any spells.

Dungeon Overview and Level Annotations

Branches:
Dungeon (9/15)
 Temple: D:4-7         Lair: D:8-11         Orc: D:9-12

Altars:
Dithmenos
Elyvilon
Fedhas
Gozag
Kikubaaqudgha
Okawaru
Vehumet

Annotations:
D:6 1 runed door
D:9 tschems's ghost, novice HuFi


Innate Abilities, Weirdness & Mutations

You reflexively headbutt those who attack you in melee.
You have a pair of horns on your head.


Message History

You block the wolf's attack. The wolf misses you.
It was a potion of resistance.
You feel protected. The wolf bites you but does no damage.
The crimson imp lashes its tail.
The wolf bites you.
* * * LOW HITPOINT WARNING * * *
It was a potion of brilliance.
You feel clever all of a sudden. The wolf bites you but does no damage.
The crimson imp blinks!
It was a potion of haste.
You feel yourself speed up. The wolf bites you.
* * * LOW HITPOINT WARNING * * *
The wolf bites you but does no damage.
Found 16 arrows.
You block the wolf's attack. You block the wolf's attack.
You block the wolf's attack.
Found an amulet of magic regeneration.
The wolf bites you!
You die...

.##.###########.#.#
#.......# #.#.#
#.#####.# #.#.# #.#
#.#.###.#. #W#
#.......". #h#
#...###.#. #.#
#...# #.#.# #.h.#
#.#5# #.@.# #.#.#
#...# #.#.# ##.##
#...# ..# ##..# ###
#..# ##..# ....#
....#


You could see a wolf.

Vanquished Creatures
  Pikel (D:6)
  Grinder (D:6)
  Prince Ribbit (D:5)
  The ghost of xgamer67 the Conjurer, an amateur OpVM (D:6)
  Duvessa (D:5)
  An orc warrior (D:9)
  An ice beast (D:5)
  A black bear (D:8)
  2 phantoms (D:4)
  A slave (D:6)
  5 ogres
  A necrophage (D:3)
  A centaur (D:5)
  A big kobold (D:9)
  The ghost of StormFighter the Chopper, an amateur GrGl (D:3)
  A water moccasin skeleton (D:4)
  5 killer bees (D:9)
  Dowan (D:5)
  A crimson imp (D:6)
  2 orc priests (D:5)
  5 hounds
  A bullfrog skeleton (D:9)
  A jelly (D:5)
  3 orc wizards
  5 gnoll shamans (D:4)
  2 iguanas
  A worker ant (D:4)
  A killer bee zombie (D:6)
  38 gnolls
  4 adders
  A shadow imp (D:9)
  2 oozes
  An adder skeleton (D:4)
  3 worms
  A dart slug (D:1)
  2 leopard geckos
  15 orcs
  7 bats
  8 giant cockroaches
  4 hobgoblins
  16 jackals (D:4)
  2 quokkas
  2 ball pythons
  13 frilled lizards
  5 goblins
  8 kobolds
  A leopard gecko skeleton (D:5)
  9 rats
191 creatures vanquished.

Notes
Turn   | Place    | Note
-------+----------+-------------------------------------------
     0 | D:1      | McKennaii the Minotaur Fighter began the quest for the Orb.
     0 | D:1      | Reached XP level 1. HP: 19/19 MP: 0/0
   134 | D:1      | Reached XP level 2. HP: 19/27 MP: 1/1
   647 | D:2      | Reached XP level 3. HP: 33/33 MP: 2/2
  1290 | D:2      | Reached skill level 3 in Long Blades
  1290 | D:2      | Reached XP level 4. HP: 40/40 MP: 3/3
  1365 | D:3      | Noticed StormFighter's ghost (amateur GrGl)
  2136 | D:3      | Killed StormFighter's ghost
  2136 | D:3      | Reached skill level 5 in Armour
  2136 | D:3      | Reached skill level 1 in Dodging
  2136 | D:3      | Reached XP level 5. HP: 30/47 MP: 4/4
  2173 | D:3      | Noticed a necrophage
  2179 | D:3      | Killed a necrophage
  2179 | D:3      | Reached skill level 5 in Shields
  2528 | D:3      | Found a shadowy altar of Dithmenos.
  2618 | D:4      | Noticed an ogre
  2621 | D:4      | Reached skill level 4 in Long Blades
  2621 | D:4      | Reached XP level 6. HP: 51/53 MP: 5/5
  2867 | D:3      | Reached skill level 5 in Fighting
  3041 | D:4      | Found a white marble altar of Elyvilon.
  3103 | D:4      | Became a worshipper of Elyvilon the Healer
  3272 | D:4      | Reached XP level 7. HP: 45/61 MP: 6/6
  3317 | D:4      | Reached skill level 5 in Long Blades
  4195 | D:4      | Reached skill level 6 in Long Blades
  4316 | D:4      | Reached XP level 8. HP: 43/69 MP: 7/7
  4635 | D:4      | Reached skill level 7 in Long Blades
  4943 | D:5      | Entered Level 5 of the Dungeon
  4943 | D:5      | Reached * piety under Elyvilon
  5034 | D:5      | Found an opulent altar of Gozag.
  5053 | D:5      | Found an iron altar of Okawaru.
  5075 | D:5      | Reached skill level 8 in Long Blades
  5433 | D:5      | Noticed Duvessa
  5434 | D:5      | Noticed Dowan
  5443 | D:5      | Killed Dowan
  5444 | D:5      | Killed Duvessa
  5492 | D:5      | Reached skill level 9 in Long Blades
  5497 | D:5      | Found a blossoming altar of Fedhas.
  5501 | D:5      | Noticed Prince Ribbit
  5517 | D:5      | Killed Prince Ribbit
  5517 | D:5      | Reached XP level 9. HP: 40/78 MP: 8/8
  6020 | D:5      | Found a radiant altar of Vehumet.
  6020 | D:5      | Found an ancient bone altar of Kikubaaqudgha.
  6107 | D:6      | Noticed xgamer67's ghost (amateur OpVM)
  6122 | D:6      | Killed xgamer67's ghost
  6122 | D:6      | Reached skill level 1 in Stealth
  6201 | D:6      | Found a runed door.
  6344 | D:6      | Noticed Pikel
  6346 | D:6      | Noticed Grinder
  6374 | D:6      | Killed Pikel
  6374 | D:6      | Reached skill level 10 in Long Blades
  6383 | D:6      | Paralysed by Grinder for 2 turns
  6386 | D:6      | Killed Grinder
  6588 | D:6      | Reached ** piety under Elyvilon
  6588 | D:6      | You fall through a shaft for 3 floors!
  6714 | D:9      | Noticed tschems's ghost (novice HuFi)
  6738 | D:8      | Reached skill level 11 in Long Blades
  6747 | D:8      | HP: 3/79 [wolf (4)]
  6773 | D:8      | Slain by a wolf

Skill      XL: |  1  2  3  4  5  6  7  8  9 |
---------------+----------------------------+-----
Armour         | 4 5 7 8 |  8.3
Shields        | 4 5 6 7 8 |  8.1
Fighting       | 4 5 6 7 |  7.3
Long Blades    | 3 4 6 9 11 | 11.0
Dodging        | 1 2 3 |  3.6
Stealth        | 1 |  1.3
Invocations    | |  0.4
Evocations     | |  0.3

Action                   |  1- 3 |  4- 6 |  7- 9 || total
-------------------------+-------+-------+-------++-------
Melee: Long sword        |   107 |   118 |   382 ||   607
       Headbutt          |     9 |    21 |    90 ||   120
Invok: Lesser Healing    |       |       |     4 ||     4
Evoke: Wand              |       |       |     1 ||     1
  Use: Scroll            |       |       |     2 ||     2
       Potion            |       |       |     5 ||     5
  Eat: Meat ration       |       |     1 |       ||     1
       Chunk             |       |     2 |    13 ||    15
Armor: Scale mail        |    39 |    37 |   128 ||   204
Dodge: Dodged            |    37 |    35 |   130 ||   202
Block: Shield            |    44 |    67 |   205 ||   316
       Rpst.: Long sword |     9 |    12 |    38 ||    59
